 Dungeon Crawl Stone Soup version 0.29-a0-231-g945431f764 (webtiles) character file.

Game seed: 18259519940012043452

50 Aksej the Skirmisher (level 3, -3/29 HPs)
             Began as a Demonspawn Monk on Mar 1, 2022.
             Killed by divine providence
             ... invoked by an orc priest
              (15 damage)
             ... on level 2 of the Dungeon.
             The game lasted 00:05:17 (1456 turns).

Aksej the Skirmisher (Demonspawn Monk)              Turns: 1456, Time: 00:05:17

Health: -3/29      AC:  8    Str: 17    XL:     3   Next: 55%
Magic:  3/3        EV: 13    Int: 11    God:
Gold:   124        SH:  0    Dex: 17    Spells: 2/2 levels left

rFire   . . .      SeeInvis .   a - +0 mace
rCold   . . .      Faith    .   (no shield)
rNeg    . . .      Spirit   .   i - +2 leather armour {Will+}
rPois   .          Reflect  .   (no helmet)
rElec   .          Harm     .   (no cloak)
rCorr   .          Rampage  .   (no gloves)
Will    +....                   c - +2 pair of boots
Stlth   ++........              g - amulet of regeneration
HPRegen 0.89/turn               f - +6 ring of strength
MPRegen 0.08/turn               (no ring)

@: no status effects
A: hooves 1, foul stench 1
a: no special abilities


You were on level 2 of the Dungeon.
You visited 1 branch of the dungeon, and saw 2 of its levels.

You collected 124 gold pieces.

Inventory:

Hand Weapons
 a - a +0 mace (weapon)
Missiles
 e - 4 javelins (quivered)
Armour
 c - a +2 pair of boots (worn)
 i - a +2 leather armour of willpower (worn)
Jewellery
 f - a +6 ring of strength (left hand)
 g - an amulet of regeneration (around neck)
Scrolls
 b - a scroll of vulnerability {unknown}
 h - a scroll of teleportation
 k - a scroll of immolation {unknown}
Potions
 d - a potion of resistance
 j - a potion of berserk rage


   Skills:
 * Level 3.5 Fighting
 + Level 3.2 Maces & Flails
 + Level 3.0 Dodging
 + Level 2.2 Stealth


You had 2 spell levels left.
You didn't know any spells.
Your spell library was empty.

Dungeon Overview and Level Annotations

Branches:
Dungeon (2/15)

Altars:


Innate Abilities, Weirdness & Mutations

You have large cloven feet.
You may rarely emit foul miasma when damaged in melee.


Message History

The quokka closely misses you.
You barely miss the quokka.
The quokka is moderately wounded.
The quokka closely misses you. The quokka misses you.
You hit the quokka.
The quokka is almost dead.
The quokka bites you but does no damage.
You hit the quokka but do no damage.
The quokka is almost dead.
The quokka bites you. The quokka barely misses you.
You barely miss the quokka.
The quokka is severely wounded.
The quokka bites you but does no damage.
The quokka closely misses you.
The orc priest shouts!
You hit the quokka.
You kill the quokka!
You hear a shout!
Throw: 5 javelins
Press: ? - help, Q - select action Shift-Dir - straight line, f - orc priest
Aim: an orc priest, wielding a +0 hand axe (60% to hit)
You throw a javelin.
The javelin closely misses the orc priest.
You closely miss the orc priest.
The orc priest looks braver for a moment.
You hit the orc priest.
The orc priest is heavily wounded.
The orc priest hits you with a +0 hand axe.
The orc priest calls down the wrath of Beogh upon you.
Beogh smites you!
You hear a shout! x2
You are too injured to fight recklessly!
You are too injured to fight recklessly!
Okay, then.
You hit the orc priest.
The orc priest is severely wounded.
The orc priest calls down the wrath of Beogh upon you.
Beogh smites you!
Ouch! That really hurt!
You die...

#...............#.#.#
#.#.
#.######..###...# #.#
#.#. #...........#
#.# 8 . #.#.
#...........# .#..
...#.#.
#.......###.#.#..
.....##
####+##.........
.......
#.##.###.#.#####
###.###
#...........o... ...
####.###@#.### ..##.
#.......o...# ...
.....##......### ..#.
###.. #.#..#.(o..
...#. #. #......####
.. #. #. #.#..^.o.. #
.....#.### ......#.#
..$......#


You could see an orc priest and 3 orcs.

Vanquished Creatures
  A gnoll (D:1)
  2 orcs (D:2)
  3 ball pythons
  5 bats
  An endoplasm (D:2)
  2 giant cockroaches
  6 goblins
  3 hobgoblins
  5 quokkas
  7 rats
35 creatures vanquished.

Notes
Turn   | Place    | Note
-------+----------+-------------------------------------------
     0 | D:1      | Aksej the Demonspawn Monk began the quest for the Orb.
     0 | D:1      | Reached XP level 1. HP: 18/18 MP: 1/1
   392 | D:1      | Gained mutation: You have large cloven feet. [demonic
                  | ancestry]
   392 | D:1      | Reached XP level 2. HP: 24/24 MP: 2/2
   651 | D:1      | Gained mutation: You may rarely emit foul miasma when
                  | damaged in melee. [demonic ancestry]
   651 | D:1      | Reached XP level 3. HP: 29/29 MP: 3/3
   708 | D:1      | Found a faded altar of an unknown god.
  1456 | D:2      | Killed from afar by an orc priest

Illustrated notes

Levels and vault maps discovered:
D:1:      dpeg_arrival_rooms_b, layout_loops_ring, basic_ecumenical_altar
D:2:      cheibrodos_pilgrimage, layout_basic, chequers_mini_garden

Skill      XL: |  1  2 |
---------------+-------+-----
Maces & Flails | 3 |  3.2
Dodging        | 3 |  3.0
Stealth        | 2 |  2.2
Fighting       | |  3.5

Action                   || total
-------------------------++-------
Melee: Mace              ||    96
       Kick              ||     6
       Punch             ||     1
Throw: Javelin           ||     3
  Use: Scroll            ||     4
       Potion            ||     1
 Stab: Sleeping          ||    12
Armor: Robe              ||    15
       Leather armour    ||     9
Dodge: Dodged            ||    65

Table legend: (Time is in decaauts)
 A = Elapsed time spent in this place.
 B = Non-inter-level travel time spent in this place.
 C = Inter-level travel time spent in this place.
 D = Time resting spent in this place.
 E = Time spent auto-exploring this place.
 F = Levels seen in this place.
 G = Mean time per level.
                   A        B        C        D        E       F      G
               +--------+--------+--------+--------+--------+-----+--------+
         Total |   1481 |   1468 |     13 |      0 |   1136 |   2 |  740.5 |
       Dungeon |   1481 |   1468 |     13 |      0 |   1136 |   2 |  740.5 |
               +--------+--------+--------+--------+--------+-----+--------+

Top non-repeatable levels by time:
     D:1: 1017 daAuts
     D:2: 464 daAuts
